 Dungeon Crawl Stone Soup version 0.30-a0-613-gdd512c7efb (webtiles) character file.

Game seed: 3757520308585725594

4878 wormed the Carver (level 10, 0/83 HPs)
             Began as a Demigod Gladiator on Jan 9, 2023.
             Slain by a kobold
             ... wielding a +0 whip
              (4 damage)
             ... on level 8 of the Dungeon.
             The game lasted 00:14:03 (8188 turns).

wormed the Carver (Demigod Gladiator)               Turns: 8188, Time: 00:14:03

Health: 0/83       AC: -2    Str: 15      XL:     10   Next: 6%
Magic:  13/13      EV: 11    Int:  7      God:
Gold:   185        SH:  0    Dex: 31 (33) Spells: 9/9 levels left

rFire   . . .      SeeInvis +    a - +0 long sword (protect)
rCold   . . .      Faith    .    (no shield)
rNeg    . . .      Spirit   .    F - +8 chain mail of Honour {Harm Regen+ rCorr Int-3}
rPois   .          Reflect  .    c - +0 helmet
rElec   .          Harm     +    h - +0 cloak
rCorr   +          Rampage  .    (no gloves)
Will    +....                    C - +0 pair of boots Stlth
                                 (no amulet)
HPRegen 1.13/turn                j - +6 ring of dexterity
MPRegen 0.13/turn                z - ring of see invisible

@: about to teleport, corroded
A: high MP 1, forlorn, divine attributes
a: no special abilities


You were on level 8 of the Dungeon.
You visited 1 branch of the dungeon, and saw 8 of its levels.

You collected 413 gold pieces.
You spent 228 gold pieces at shops.

Inventory:

Hand Weapons
 a - a +0 long sword of protection (weapon)
Missiles
 e - a javelin
 i - 3 atropa-tipped darts
Armour
 c - a +0 helmet (worn)
 h - a +0 cloak (worn)
 C - a +0 pair of boots (worn)
 F - the +8 chain mail of Honour (worn) {Harm Regen+ rCorr Int-3}
   (You bought it in a shop on level 6 of the Dungeon)

   Int:       It affects your intelligence (-3).
   Regen:     It increases your rate of health regeneration.
   rCorr:     It protects you from acid and corrosion.
   Harm:      It increases damage dealt and taken.
Jewellery
 j - a +6 ring of dexterity (left hand)
 m - a ring of resist corrosion
 r - a ring of wizardry
 t - a ring of protection from cold
 z - a ring of see invisible (right hand)
Wands
 f - a wand of roots (15)
 n - a wand of flame (22)
 w - a wand of charming (3)
Scrolls
 g - a scroll of vulnerability
 l - 2 scrolls of teleportation (quivered)
 x - 5 scrolls of magic mapping
 y - 2 scrolls of identify
Potions
 b - a potion of haste
 d - 2 potions of magic {unknown}
 k - a potion of brilliance
 o - 4 potions of curing {unknown}
 p - a potion of attraction {unknown}
 q - 3 potions of might {unknown}
 u - 5 potions of degeneration {unknown}
 v - 2 potions of mutation {unknown}
 E - 2 potions of lignification {unknown}


   Skills:
 + Level 6.0 Fighting
 * Level 8.6 Long Blades
 + Level 5.8 Throwing
 + Level 5.4 Armour
 + Level 6.2 Dodging


You had 9 spell levels left.
You didn't know any spells.
Your spell library contained the following spells:

 Spells                   Type           Power      Damage    Failure   Level
 Dazzling Flash           Conj/Hex       0%         N/A       100%        3
 Kindle Blastsparks       Fire/Tloc/Air  0%         2d10      100%        3
 Fulminant Prism          Conj/Hex       0%         3d5       100%        4
 Iskenderun's Mystic Bla  Conj/Tloc      0%         2d3       100%        4
 Lee's Rapid Deconstruct  Erth           0%         3d4*      100%        5
 Starburst                Conj/Fire      0%         6d3       100%        6


Dungeon Overview and Level Annotations

Branches:
Dungeon (8/15)             Temple (0/1) D:5
   Lair: D:8-11

Shops:
D:6 [

Annotations:
D:4 1 runed translucent door, wormed's ghost, novice NaGl


Innate Abilities, Weirdness & Mutations

You have an increased reservoir of magic. (+10% MP)
You shall have no god before yourself.
Your divine heritage dramatically boosts your attributes as you level up.


Message History

The kobold misses you. The gnoll hits you but does no damage.
The kobold demonologist hits you with a +0 dagger. x2
The white imp gestures at you. The puff of frost hits you!
* * * LOW HITPOINT WARNING * * *
You feel much better. The quasit closely misses you.
The quasit claws you but does no damage.
The quasit closely misses you. The rust devil closely misses you.
The white imp hits you but does no damage.
The kobold misses you.
The kobold demonologist hits you but does no damage.
The kobold demonologist misses you. The gnoll barely misses you.
The white imp hits you but does no damage.
You barely miss the kobold demonologist.
The kobold demonologist is severely wounded.
The orc shouts!
The quasit barely misses you. x2; The quasit claws you.
The white imp barely misses you. The rust devil hits you.
The rust devil corrodes you! The kobold barely misses you.
The quasit bites you but does no damage.
The quasit misses you. The quasit claws you.
You feel clumsy.
The kobold demonologist hits you with a +0 dagger. x2
The gnoll hits you with a +0 spear!
* * * LOW HITPOINT WARNING * * *
The white imp barely misses you.
Non-targeted read: 3 scrolls of teleportation
Press: ? - help, Q - select action, (/) - cycle Dir - look around, f - activate
As you read the scroll of teleportation, it crumbles to dust.
You feel strangely unstable. The rust devil hits you!
* * * LOW HITPOINT WARNING * * *
The rust devil corrodes you! The white imp barely misses you.
The quasit bites you.
* * * LOW HITPOINT WARNING * * *
The quasit closely misses you. The quasit claws you.
* * * LOW HITPOINT WARNING * * *
You feel clumsy. The kobold hits you with a +0 whip.
You die...

......).#####................
.............................
......###.###o.....#.........
...g### g.............###...
..g.##... ###.....#...## ###
g...o..... ...........#
o...###### ##...<.# ....#
#.###.455..##.. ..[.#
.....5K@5......# ...##
......KKg......# ..##
......3K....>..# ###
...............#
...............#
...............#
.......^..5.....
...............


You could see a rust devil (summoned), 2 kobold demonologists, a smoke demon
(summoned), a quasit (summoned), a gnoll, a crimson imp (summoned), 2 white
imps, an orc, an ufetubus (summoned) and 2 kobolds.

Vanquished Creatures
  Pikel (D:4)
  An ugly thing (D:7)
  A hornet (D:8)
  Grinder (D:5)
  A wyvern (D:7)
  A yak (D:7)
  3 water moccasins (D:7)
  A black bear (D:5)
  3 ice beasts
  2 sky beasts
  An orc warrior (D:7)
  5 ogres
  A phantom (D:7)
  A lemure (D:4)
  2 gnoll sergeants
  2 necrophages
  3 bullfrogs (D:7)
  A scorpion (D:6)
  6 wights (D:7)
  4 killer bees (D:8)
  3 howler monkeys
  An orc priest (D:8)
  4 hounds
  2 jellies
  Crazy Yiuf (D:6)
  Natasha (thrice) (D:2)
  3 iguanas
  4 orc wizards (D:8)
  Robin (D:4)
  16 gnolls
  4 adders
  2 white imps
  An ufetubus (D:5)
  2 worms
  3 dart slugs
  5 orcs
  10 endoplasms
  4 giant cockroaches
  16 goblins
  12 hobgoblins
  5 jackals
  6 kobolds
  3 quokkas
  6 ball pythons
  3 bats
  7 frilled lizards
  6 rats
174 creatures vanquished.

Notes
Turn   | Place    | Note
-------+----------+-------------------------------------------
     0 | D:1      | wormed the Demigod Gladiator began the quest for the Orb.
     0 | D:1      | Reached XP level 1. HP: 17/17 MP: 3/3
   186 | D:1      | Reached XP level 2. HP: 22/24 MP: 4/4
   204 | D:1      | Reached skill level 3 in Long Blades
   787 | D:2      | Reached XP level 3. HP: 29/29 MP: 5/5
   793 | D:2      | Noticed Natasha
   800 | D:2      | Killed Natasha
   900 | D:2      | Reached skill level 1 in Armour
   945 | D:2      | Reached XP level 4. HP: 32/37 MP: 6/6
  1150 | D:2      | Noticed Natasha
  1163 | D:2      | Killed Natasha
  1409 | D:2      | Noticed Natasha
  1415 | D:2      | Killed Natasha
  1742 | D:3      | Reached XP level 5. HP: 42/42 MP: 7/7
  1834 | D:3      | Identified the +1 robe of the Stone Wall {rC+ Will++ Dex+2}
  1846 | D:3      | Reached skill level 4 in Long Blades
  2292 | D:4      | Noticed Pikel
  2307 | D:4      | HP: 2/42 [Pikel/+1 whip of flaming (2)]
  2319 | D:4      | Killed Pikel
  2320 | D:4      | Reached skill level 5 in Long Blades
  2320 | D:4      | Reached XP level 6. HP: 7/51 MP: 8/8
  2320 | D:4      | Reached XP level 7. HP: 8/57 MP: 9/9
  2640 | D:4      | Noticed Robin
  2839 | D:4      | Killed Robin
  3196 | D:4      | Found a runed translucent door.
  3200 | D:4      | Noticed wormed's ghost (novice NaGl)
  3803 | D:5      | Entered Level 5 of the Dungeon
  3808 | D:5      | Noticed Grinder
  3840 | D:5      | Killed Grinder
  4008 | D:5      | Reached XP level 8. HP: 32/66 MP: 10/10
  4214 | D:5      | Reached skill level 6 in Long Blades
  4248 | D:5      | HP: 1/66 [gnoll sergeant/+0 spear (14)]
  4530 | D:5      | Found a staircase to the Ecumenical Temple.
  5392 | D:6      | Found a runed translucent door.
  5393 | D:6      | Noticed Crazy Yiuf
  5508 | D:6      | Killed Crazy Yiuf
  5900 | D:6      | Identified the +1 ring mail "Qylyez" {rC+}
  6327 | D:6      | Reached skill level 5 in Dodging
  6334 | D:6      | Found Liybahosch's Antique Armour Shoppe.
  6345 | D:6      | Bought a shimmering chain mail for 228 gold pieces
  6345 | D:6      | Identified the +8 chain mail of Honour {Harm Regen+ rCorr
                  | Int-3} (You bought it in a shop on level 6 of the Dungeon)
  6742 | D:7      | Noticed a +0 dagger
  6742 | D:7      | Noticed a +0 falchion
  6743 | D:7      | Noticed a +0 short sword
  6743 | D:7      | Noticed a +0 short sword
  6743 | D:7      | Noticed a +0 spear
  6744 | D:7      | Noticed a +0 spear
  6745 | D:7      | Noticed a +0 falchion
  6745 | D:7      | Noticed a +0 dagger
  6841 | D:7      | Reached skill level 7 in Long Blades
  6893 | D:7      | Reached skill level 5 in Fighting
  6893 | D:7      | Reached XP level 9. HP: 65/74 MP: 11/11
  6922 | D:7      | Reached skill level 5 in Throwing
  6924 | D:7      | Noticed a purple ugly thing
  6946 | D:7      | Killed a purple ugly thing
  6960 | D:7      | Reached skill level 8 in Long Blades
  6964 | D:7      | Reached skill level 5 in Armour
  8046 | D:8      | Reached XP level 10. HP: 41/83 MP: 13/13
  8173 | D:8      | Noticed a rust devil
  8182 | D:8      | Noticed a smoke demon
  8188 | D:8      | HP: 4/83 [quasit[a kobold demonologist] (2)]
  8188 | D:8      | Slain by a kobold

Illustrated notes

Levels and vault maps discovered:
D:1:      minmay_arrival_glassed_features, layout_basic
D:2:      layout_basic, uniq_natasha
D:3:      layout_rooms, chequers_serial_rivers_small_3
D:4:      layout_basic, ebering_ghost_sewer_d, uniq_pikel, uniq_robin
D:5:      layout_loops_ring, yredelemnul_altar_generic,
          nzn_hepliaklqana_mist_gate, mainiacjoe_overflow_six_doors_small,
          minmay_temple_entry_enclosed_plants, uniq_grinder
D:6:      layout_gridville, mainiacjoe_overflow_surrounded_room, serial_shops,
          shop, uniq_crazy_yiuf_cottage
D:7:      cheibrodos_barr_body, layout_basic, nicolae_uskayaw_en_pointe
D:8:      layout_rooms, ebering_ghost_disaster_area

Skill      XL: |  1  2  3  4  5  6  7  8  9 10 |
---------------+-------------------------------+-----
Long Blades    | 3 5 7 8 |  8.6
Fighting       | 2 3 4 5 6 |  6.0
Throwing       | 2 3 4 5 |  5.8
Dodging        | 3 4 5 6 |  6.2
Armour         | 1 2 3 4 5 |  5.4

Action                   |  1- 3 |  4- 6 |  7- 9 | 10-12 || total
-------------------------+-------+-------+-------+-------++-------
Melee: Long sword        |    88 |   115 |   384 |    42 ||   629
       Punch             |     3 |     2 |     7 |     1 ||    13
       Short sword       |       |       |    61 |       ||    61
Throw: Throwing net      |       |     3 |     4 |       ||     7
       Dart              |       |       |    10 |       ||    10
       Javelin           |       |       |     1 |       ||     1
  Use: Scroll            |     2 |     5 |     6 |     1 ||    14
       Potion            |       |       |     2 |     3 ||     5
 Stab: Sleeping          |     2 |     3 |     5 |       ||    10
       Held in net/web   |       |     1 |     4 |       ||     5
       Distracted        |       |       |     1 |       ||     1
Armor: Leather armour    |    34 |    22 |       |       ||    56
       Robe              |       |     2 |    30 |       ||    32
       Skin              |       |     2 |       |       ||     2
       Chain mail        |       |       |   109 |   114 ||   223
       Ring mail         |       |       |     7 |       ||     7
Dodge: Dodged            |    76 |    65 |   305 |    79 ||   525

Table legend: (Time is in decaauts)
 A = Elapsed time spent in this place.
 B = Non-inter-level travel time spent in this place.
 C = Inter-level travel time spent in this place.
 D = Time resting spent in this place.
 E = Time spent auto-exploring this place.
 F = Levels seen in this place.
 G = Mean time per level.
                   A        B        C        D        E       F      G
               +--------+--------+--------+--------+--------+-----+--------+
         Total |   8223 |   7647 |    576 |     33 |   6052 |   8 | 1027.9 |
       Dungeon |   8223 |   7647 |    576 |     33 |   6052 |   8 | 1027.9 |
               +--------+--------+--------+--------+--------+-----+--------+

Top non-repeatable levels by time:
     D:4: 1732 daAuts
     D:7: 1517 daAuts
     D:5: 1219 daAuts
     D:6: 1111 daAuts
     D:2: 873 daAuts
     D:3: 859 daAuts
     D:1: 764 daAuts
     D:8: 145 daAuts
